 Dungeon Crawl Stone Soup version 0.27.1-33-g824d729ab1 (webtiles) character file.

Game seed: 7621713931788495102

227044 jlumianski the Nimble (level 19, 0/136 HPs)
             Began as a Gnoll Monk on Dec 21, 2021.
             Was the Champion of Hepliaklqana.
             Hit by a javelin thrown by a merfolk javelineer (13 damage)
             ... on level 4 of the Shoals on Dec 22, 2021.
             The game lasted 06:21:23 (46522 turns).

jlumianski the Nimble (Gnoll Monk)                 Turns: 46522, Time: 06:21:24

Health: 0/136      AC: 32    Str: 21    XL:     19   Next: 37%
Magic:  34/35      EV: 14    Int: 12    God:    Hepliaklqana [******]
Gold:   388        SH:  0    Dex: 21    Spells: 16/43 levels left

rFire    + + .     SeeInvis +   D - +8 glaive of the Guard {elec, spectral, AC+5}
rCold    + . .     Faith    .   (shield currently unavailable)
rNeg     . . .     Spirit   .   U - +0 plate armour {rPois}
rPois    +         Reflect  .   J - +2 hat "Butaceg" {rC+ Dex+3 Stlth+}
rElec    +         Harm     .   j - +2 cloak {Will+}
rCorr    .         Rampage  .   v - +2 pair of gloves
Will     ++...     Clarity  +   Y - +1 pair of boots of Rotation {rElec rF++ Int+2}
Stlth    ++........             e - amulet of regeneration
HPRegen  1.32/turn              u - +6 ring of strength
MPRegen  0.24/turn              G - ring of see invisible

@: marked, wereblooded
A: reduced essence, fangs 1, strong nose, distributed training, clarity
}: 1/15 runes: gossamer
a: Renounce Religion, Recall Ancestor, Ancestor Identity, Transference, Idealise


You were on level 4 of the Shoals.
You worshipped Hepliaklqana.
Hepliaklqana was exalted by your worship.
You visited 5 branches of the dungeon, and saw 31 of its levels.
You also visited: Gauntlet.

You collected 3935 gold pieces.
You spent 3547 gold pieces at shops.

Inventory:

Hand Weapons
 B - a +7 trident of flaming
 D - the +8 glaive of the Guard (weapon) {elec, spectral, AC+5}
   (You bought it in a shop on level 2 of the Orcish Mines)

   It occasionally discharges a powerful burst of electricity upon striking a
   foe.
   When it strikes, its spirit leaps out and fights alongside the wielder.
   AC:        It affects your AC (+5).
Missiles
 b - 4 throwing nets
 i - 7 boomerangs of dispersal
 I - 77 boomerangs (quivered)
 K - 8 silver javelins
 Q - 16 atropa-tipped darts
 V - 5 javelins
Armour
 j - a +2 cloak of willpower (worn)
 v - a +2 pair of gloves (worn)
 x - the +6 chain mail "Vueczain" {-Cast rPois rCorr Dex+7}
   (You found it on level 4 of the Shoals)

   Dex:       It affects your dexterity (+7).
   rPois:     It protects you from poison.
   -Cast:     It prevents spellcasting.
   rCorr:     It protects you from acid and corrosion.
 J - the +2 hat "Butaceg" (worn) {rC+ Dex+3 Stlth+}
   (You acquired it on level 2 of the Spider Nest)

   Dex:       It affects your dexterity (+3).
   rC:        It protects you from cold.
   Stlth:     It makes you more stealthy.
 U - a +0 plate armour of poison resistance (worn)
 Y - the +1 pair of boots of Rotation (worn) {rElec rF++ Int+2}
   (You found it on level 2 of the Lair of Beasts)

   Int:       It affects your intelligence (+2).
   rF:        It greatly protects you from fire.
   rElec:     It insulates you from electricity.
Jewellery
 a - a ring of willpower
 c - an amulet of reflection
 d - the ring "Tajo" {*Slow rN++ Dex+6}
   (You found it in a Gauntlet)

   [ring of dexterity]

   Dex:       It affects your dexterity (+6).
   rN:        It greatly protects you from negative energy.
   *Slow:     It may slow you when you take damage.
 e - an amulet of regeneration (around neck)
 m - a ring of ice
 t - a ring of resist corrosion
 u - a +6 ring of strength (left hand)
 F - a ring of wizardry
 G - a ring of see invisible (right hand)
 L - a ring of protection from cold
Wands
 n - a wand of mindburst (10)
 p - a wand of iceblast (43)
 y - a wand of paralysis (21)
 S - a wand of digging (20)
 T - a wand of polymorph (31)
Scrolls
 g - 5 scrolls of fog
 o - 2 scrolls of summoning
 r - a scroll of enchant weapon
 s - a scroll of holy word
 E - 4 scrolls of fear
 H - 6 scrolls of magic mapping
 O - a scroll of amnesia
 P - 2 scrolls of blinking
 R - 14 scrolls of identify
 W - 11 scrolls of teleportation
Potions
 f - 4 potions of resistance
 k - 9 potions of haste
 l - 3 potions of might
 q - 7 potions of flight
 w - 4 potions of heal wounds
 z - 3 potions of cancellation
 C - 2 potions of invisibility
 N - 11 potions of curing
Miscellaneous
 h - a piece from Xom's chessboard (15/15)
 A - a tin of tremorstones (2/2)
 M - a phial of floods


   Skills:
 + Level 14.0 Fighting
 + Level 12.7 Short Blades
 + Level 12.7 Long Blades
 + Level 14.0 Axes
 + Level 12.7 Maces & Flails
 + Level 12.7 Polearms
 + Level 12.7 Staves
 + Level 12.7 Slings
 + Level 12.7 Bows
 + Level 12.7 Crossbows
 + Level 12.7 Throwing
 + Level 12.7 Armour
 + Level 14.0 Dodging
 + Level 13.3 Stealth
 + Level 12.7 Shields
 + Level 12.7 Unarmed Combat
 + Level 12.7 Spellcasting
 + Level 10.9 Conjurations
 + Level 10.9 Hexes
 + Level 10.9 Summonings
 + Level 10.9 Necromancy
 + Level 10.9 Translocations
 + Level 10.9 Transmutations
 + Level 10.9 Fire Magic
 + Level 10.9 Ice Magic
 + Level 10.9 Air Magic
 + Level 10.9 Earth Magic
 + Level 10.9 Poison Magic
 + Level 13.7 Invocations
 + Level 12.7 Evocations


You had 16 spell levels left.
You knew the following spells:

 Your Spells              Type           Power      Damage    Failure   Level
a - Wereblood             Tmut           34%        N/A       1%          2
b - Passwall              Tmut/Erth      28%        N/A       1%          2
c - Summon Lightning Spi  Summ/Air       34%        N/A       12%         4
d - Mephitic Cloud        Conj/Pois/Air  34%        N/A       3%          3
e - Ignite Poison         Fire/Tmut/Pois 34%        N/A       3%          3
f - Lightning Bolt        Conj/Air       17%        1d31      32%         5
g - Sticky Flame          Conj/Fire      34%        2d5       12%         4
h - Olgreb's Toxic Radia  Pois           34%        N/A       12%         4

Your spell library contained the following spells:

 Spells                   Type           Power      Damage    Failure   Level
 Animate Skeleton         Necr           68%        N/A       1%          1
 Apportation              Tloc           68%        N/A       1%          1
 Beastly Appendage        Tmut           68%        N/A       1%          1
 Corona                   Hex            37%        N/A       1%          1
 Pain                     Necr           100%       1d9       1%          1
 Shock                    Conj/Air       100%       1d9       1%          1
 Summon Small Mammal      Summ           100%       N/A       1%          1
 Static Discharge         Conj/Air       34%        N/A       1%          2
 Sublimation of Blood     Necr           17%        N/A       1%          2
 Spider Form              Tmut/Pois      17%        N/A       3%          3
 Summon Guardian Golem    Hex/Summ       34%        N/A       3%          3
 Swiftness                Air            34%        N/A       3%          3
 Vampiric Draining        Necr           17%        2d8       3%          3
 Airstrike                Air            17%        N/A       12%         4
 Animate Armour           Summ/Erth      68%        N/A       12%         4
 Animate Dead             Necr           17%        N/A       12%         4
 Cause Fear               Hex            17%        N/A       12%         4
 Dispel Undead            Necr           34%        3d15      12%         4
 Leda's Liquefaction      Hex/Erth       17%        N/A       12%         4
 Petrify                  Tmut/Erth      34%        N/A       12%         4
 Bolt of Magma            Conj/Fire/Erth 17%        4d9       32%         5
 Irradiate                Conj/Tmut      17%        3d19      32%         5
 Invisibility             Hex            17%        N/A       88%         6
 Haunt                    Necr/Summ      17%        N/A       100%        7
 Orb of Destruction       Conj           17%        9d8       100%        7
 Ozocubu's Refrigeration  Ice            17%        4d8       100%        7
 Spellforged Servitor     Conj/Summ      17%        N/A       100%        7
 Ignition                 Fire           17%        3d7       100%        8
 Infestation              Necr           17%        N/A       100%        8


Dungeon Overview and Level Annotations

Branches:
Dungeon (15/15)            Temple (0/1) D:4            Lair (6/6) D:11
 Shoals (4/4) Lair:4       Spider (4/4) Lair:3        Slime (0/5) Lair:6
    Orc (2/2) D:11            Elf (0/3) Orc:2        Vaults (0/5) D:14
 Depths (0/5) D:15        Gauntlet (visited)

Altars:
Ashenzari
Cheibriados
Dithmenos
Fedhas
Gozag
Hepliaklqana
Makhleb
Okawaru
Qazlal
Ru
Sif Muna
Trog
Uskayaw
Vehumet
Wu Jian
Yredelemnul
Zin
The Shining One
Jiyva

Shops:
D:13 *   Orc:2 *:*[(   Shoals:4 !

Portals:
Trove: D:13 (give +6 demon blade)

Annotations:
D:7 exclusion: statue
D:10 2 transporters


Innate Abilities, Weirdness & Mutations

Your life essence is reduced to manifest your ancestor. (-10% HP)
You have very sharp teeth.
Your uncanny sense of smell can sniff out nearby items.
Your experience applies equally to all skills.
You possess an exceptional clarity of mind.


Message History

The harpy barely misses you. x2
The merfolk javelineer throws a javelin.
The javelin completely misses you.
You slice the sea snake!! Your bite misses the sea snake.
The sea snake is heavily wounded.
Your +8 glaive of the Guard {elec, spectral, AC+5} hits the sea snake!!
Lightning courses through the sea snake!
The harpy claws you but does no damage. x2; The harpy claws you!
The harpy claws you but does no damage.
The sea snake barely misses your +8 glaive of the Guard {elec, spectral, AC+5}.
The merfolk javelineer throws a javelin.
The javelin pierces through you but does no damage.
The snapping turtle closely misses you.
A manticore comes into view.
The harpy misses you. The harpy closely misses you.
The merfolk javelineer throws a javelin.
The javelin misses your +8 glaive of the Guard {elec, spectral, AC+5}.
The javelin pierces through you.
The sea snake bites your +8 glaive of the Guard {elec, spectral, AC+5}!
Your spectral weapon shares its damage with you!
The snapping turtle bites you from afar!
* * * LOW HITPOINT WARNING * * *
You miss the sea snake.
The sea snake is almost dead.
Your +8 glaive of the Guard {elec, spectral, AC+5} hits the sea snake!
Lightning courses through the sea snake!
You feel a bit better.
You kill the sea snake!
The harpy closely misses you. The harpy barely misses you.
The merfolk javelineer throws a javelin.
The javelin misses you. The harpy claws you but does no damage.
The harpy claws you!
* * * LOW HITPOINT WARNING * * *
The wind drake flaps its wings at you. The air twists around and strikes you!
* * * LOW HITPOINT WARNING * * *
A merfolk avatar comes into view.
The merfolk javelineer throws a javelin.
The javelin pierces through you!
You die...

∆ #≈≈≈≈# ≈≈≈# ##≈≈≈≈#
≈≈≈≈≈# ##≈≈≈≈≈#
≈≈≈≈≈≈#######.≈≈≈..##
≈≈≈≈≈≈≈≈......t.....##
≈≈≈..≈≈≈...(..S.≈≈...####
≈≈≈..≈≈....H.Hm.≈≈≈m≈≈≈≈≈
≈≈≈..≈≈....†@.mkm.H≈≈≈≈≈≈
≈≈≈≈.≈≈.......t.#.≈≈≈≈≈≈≈
≈≈≈≈.≈≈.........#.≈≈≈≈≈≈≈
≈≈≈≈.≈≈.........#.≈≈≈≈≈≈≈
######≈.........)...≈≈≈≈≈
≈=≈≈#.........#....≈≈≈≈≈
≈≈≈≈#≈#.)......#####.≈≈≈≈≈
≈#≈≈≈#.#.......# #.≈≈≈≈≈≈≈
≈≈#≈≈≈.#.......# #.≈≈≈≈≈≈≈


You could see a merfolk avatar, 3 merfolk javelineers, a sea snake, 2 snapping
turtles, a wind drake (repels missiles), a manticore, 2 harpies and a friendly
+8 glaive of the Guard {elec, spectral, AC+5} (summoned).

Vanquished Creatures
  Bai Suzhen (Shoals:2)
  Arachne (Spider:3)
  Rupert (Orc:2)
  Jorgrun (Shoals:2)
  Polyphemus (Shoals:2)
  Frances (D:13)
  Ilsuiw (Shoals:2)
  The ghost of Duder the Warrior, a journeyman MiBe of Trog (Spider:2)
  3 ghost moths
  An orc warlord (Orc:1)
  3 emperor scorpions
  Nessos (Lair:6)
  A stone giant (Shoals:3)
  4 entropy weavers
  4 spark wasps
  A minotaur (Gauntlet)
  4 merfolk javelineers
  Josephine (D:12)
  2 merfolk impalers
  A fire dragon (D:15)
  5 hydras
  A boulder beetle (Spider:3)
  An ice dragon (D:15)
  A catoblepas (Lair:6)
  An ogre mage (D:15)
  4 centaur warriors
  A merfolk avatar (Shoals:2)
  An alligator snapping turtle (Shoals:3)
  4 two-headed ogres
  2 merfolk aquamancers (Shoals:3)
  13 death yaks
  Urug (D:13)
  An orc high priest (Orc:2)
  A tengu warrior (D:15)
  A skeletal warrior (D:14)
  7 sea snakes
  A swamp dragon (Lair:6)
  3 deep elf pyromancers
  2 lindwurms (Lair:6)
  16 harpies
  An orc knight (Orc:2)
  6 orb spiders (Spider:4)
  14 wolf spiders
  9 ugly things
  2 orc sorcerers (Orc:2)
  5 cyclopes
  4 fauns
  6 manticores
  2 moths of wrath
  7 merfolk sirens
  3 water nymphs
  A torpor snail (Lair:5)
  13 cane toads
  3 rime drakes
  3 demonic crawlers
  4 centaur skeletons (D:14)
  3 yaktaurs (D:14)
  4 komodo dragons
  A kobold demonologist (D:13)
  12 merfolk
  4 polar bears
  18 jumping spiders
  A troll (D:11)
  A wolf spider simulacrum (D:14)
  7 hornets
  4 wind drakes
  2 slime creatures (D:14)
  9 dream sheep
  10 blink frogs
  A snapping turtle (Shoals:2)
  34 redbacks
  3 spriggans
  28 tarantellas
  10 water elementals
  24 yaks
  2 wraiths (D:12)
  2 basilisks (Lair:6)
  A yak (shapeshifter) (D:15)
  A wyvern (Lair:6)
  2 vampire mosquitoes (D:13)
  3 nameless horrors
  3 steam dragons
  A warg (Orc:1)
  An acid dragon (Lair:6)
  5 water moccasins
  A manticore zombie (Shoals:4)
  7 orc warriors
  4 ogres
  2 wolves (D:11)
  11 centaurs
  A phantom (D:6)
  7 bullfrogs
  A water moccasin skeleton (D:7)
  3 killer bees (D:9)
  6 wights
  2 electric eels (Spider:4)
  4 centaur zombies
  A jelly (D:7)
  2 bullfrog skeletons
  A gnoll shaman (D:9)
  A hound (D:4)
  7 orc priests
  An iguana (Lair:6)
  9 orc wizards
  4 gnolls
  A howler monkey skeleton (D:7)
  A dart slug (D:1)
  40 orcs
  3 endoplasms
  3 giant cockroaches
  11 goblins
  9 hobgoblins
  A quokka (D:5)
  5 ball pythons
  A bat (D:3)
  3 frilled lizards (D:1)
  9 kobolds
  3 rats (D:1)
  2 plants
548 creatures vanquished.

Vanquished Creatures (collateral kills)
  Donald (Spider:4)
  A frost giant (Shoals:2)
  A ghost moth (Spider:4)
  2 emperor scorpions
  2 entropy weavers
  2 spark wasps
  2 merfolk javelineers
  A fire dragon (Lair:6)
  2 merfolk impalers
  3 boulder beetles
  Harold (D:8)
  Erolcha (D:10)
  A centaur warrior (D:13)
  14 hydras
  An ogre mage (D:14)
  2 catoblepae
  A merfolk avatar (Shoals:2)
  A merfolk aquamancer (Shoals:2)
  5 death yaks
  A two-headed ogre (D:14)
  3 orc high priests (Orc:2)
  Nergalle (Orc:1)
  A wretched star (Gauntlet)
  4 sea snakes
  3 orc knights
  10 orb spiders
  4 harpies
  A deep elf pyromancer (D:15)
  7 ugly things
  7 cyclopes
  8 wolf spiders
  10 fauns
  An orc sorcerer (Orc:2)
  6 manticores
  A spectral centaur (D:14)
  4 merfolk sirens
  10 black mambas
  3 water nymphs
  Maurice (D:15)
  An apocalypse crab (Gauntlet)
  Joseph (D:8)
  A centaur skeleton (D:14)
  2 torpor snails
  4 gargoyles
  5 cane toads
  2 unseen horrors
  4 rime drakes
  A kobold demonologist (D:12)
  3 komodo dragons
  A tengu conjurer (D:13)
  2 demonic crawlers
  2 harpy zombies (Shoals:4)
  14 merfolk
  A troll (D:13)
  10 jumping spiders
  A hornet (Spider:2)
  2 polar bears (Lair:5)
  A slime creature (D:14)
  7 blink frogs
  Prince Ribbit (D:8)
  3 snapping turtles
  Grinder (D:4)
  5 dream sheep
  24 redbacks
  2 wraiths
  3 spriggans (Lair:4)
  A spriggan (shapeshifter) (D:14)
  8 water elementals
  23 yaks
  3 basilisks
  2 vampires
  3 wyverns
  3 steam dragons
  5 tarantellas
  A golden eye (shapeshifter) (D:14)
  A vampire mosquito (D:13)
  Grum (D:11)
  A neqoxec (Gauntlet)
  A warg (Orc:1)
  An acid dragon (D:13)
  8 water moccasins
  A swamp drake (Lair:6)
  Purgy (D:4)
  An ice beast (D:6)
  A sky beast (D:5)
  16 orc warriors
  2 black bears
  3 ogres
  A necrophage (D:5)
  A manticore zombie (Shoals:4)
  10 centaurs
  Blork the orc (D:4)
  5 bullfrogs
  3 kobold brigands
  A gnoll sergeant (D:10)
  2 scorpions
  A scorpion (shapeshifter) (D:13)
  A wyvern skeleton (D:7)
  3 killer bees (D:9)
  5 wights
  2 electric eels (Spider:4)
  A howler monkey (D:9)
  A jelly (D:6)
  3 centaur zombies
  2 hounds
  A gnoll shaman (D:7)
  12 orc priests
  4 iguanas
  Natasha (thrice) (D:3)
  16 orc wizards
  2 killer bee zombies
  2 howler monkey zombies
  Robin (D:4)
  5 gnolls
  A howler monkey skeleton (D:5)
  3 adders
  30 orcs
  A ball python (D:4)
  6 bats
  2 endoplasms
  13 goblins
  11 hobgoblins
  12 kobolds
  A rat (D:1)
  2 plants (Shoals:4)
492 creatures vanquished.

Vanquished Creatures (others)
  A harpy zombie (Shoals:4)
  77 battlemagi
  50 fungi
  167 plants
295 creatures vanquished.

Grand Total: 1335 creatures vanquished

Notes
Turn   | Place    | Note
-------+----------+-------------------------------------------
     0 | D:1      | jlumianski the Gnoll Monk began the quest for the Orb.
     0 | D:1      | Reached XP level 1. HP: 23/23 MP: 1/1
   199 | D:1      | Reached XP level 2. HP: 29/29 MP: 2/2
   256 | D:1      | Found a faded altar of an unknown god.
   322 | D:1      | Became a worshipper of Hepliaklqana the Forgotten
   322 | D:1      | Reached * piety under Hepliaklqana
   322 | D:1      | Reached ** piety under Hepliaklqana
   332 | D:1      | Remembered your ancestor Jeff as a battlemage
   579 | D:1      | Reached *** piety under Hepliaklqana
   722 | D:1      | Reached XP level 3. HP: 31/31 MP: 3/3
  1223 | D:2      | Reached skill level 1 in Invocations
  1276 | D:2      | Reached skill level 1 in Short Blades
  1276 | D:2      | Reached skill level 1 in Long Blades
  1276 | D:2      | Reached skill level 1 in Maces & Flails
  1276 | D:2      | Reached skill level 1 in Polearms
  1276 | D:2      | Reached skill level 1 in Staves
  1276 | D:2      | Reached skill level 1 in Slings
  1276 | D:2      | Reached skill level 1 in Bows
  1276 | D:2      | Reached skill level 1 in Crossbows
  1276 | D:2      | Reached skill level 1 in Throwing
  1276 | D:2      | Reached skill level 1 in Armour
  1276 | D:2      | Reached skill level 1 in Shields
  1276 | D:2      | Reached skill level 1 in Unarmed Combat
  1276 | D:2      | Reached skill level 1 in Spellcasting
  1276 | D:2      | Reached skill level 1 in Evocations
  1589 | D:2      | Reached XP level 4. HP: 36/36 MP: 5/5
  2047 | D:3      | Noticed Natasha
  2052 | D:3      | Killed Natasha
  2053 | D:3      | Reached skill level 1 in Conjurations
  2053 | D:3      | Reached skill level 1 in Hexes
  2053 | D:3      | Reached skill level 1 in Summonings
  2053 | D:3      | Reached skill level 1 in Necromancy
  2053 | D:3      | Reached skill level 1 in Translocations
  2053 | D:3      | Reached skill level 1 in Transmutations
  2053 | D:3      | Reached skill level 1 in Fire Magic
  2053 | D:3      | Reached skill level 1 in Ice Magic
  2053 | D:3      | Reached skill level 1 in Air Magic
  2053 | D:3      | Reached skill level 1 in Earth Magic
  2053 | D:3      | Reached skill level 1 in Poison Magic
  2172 | D:3      | Noticed Natasha
  2179 | D:3      | Killed Natasha
  2180 | D:3      | Reached XP level 5. HP: 36/42 MP: 6/6
  2249 | D:3      | Found an ornate altar of the Wu Jian Council.
  2315 | D:3      | Found a hazy altar of Hepliaklqana.
  2319 | D:3      | Reached **** piety under Hepliaklqana
  2816 | D:3      | Noticed Natasha
  2820 | D:3      | Killed Natasha
  2951 | D:4      | Found a snail-covered altar of Cheibriados.
  2951 | D:4      | Noticed an ogre
  2970 | D:4      | Killed an ogre
  2971 | D:4      | Reached XP level 6. HP: 47/47 MP: 8/8
  3041 | D:4      | Found a sacrificial altar of Ru.
  3070 | D:4      | Found a stormy altar of Qazlal.
  3071 | D:4      | Noticed Grinder
  3077 | D:4      | Killed Grinder
  3078 | D:4      | Reached XP level 7. HP: 45/54 MP: 10/10
  3145 | D:4      | Noticed Robin
  3268 | D:4      | Killed Robin
  3334 | D:4      | Noticed Blork the orc
  3340 | D:4      | Killed Blork the orc
  3343 | D:4      | Noticed Purgy
  3354 | D:4      | Killed Purgy
  3355 | D:4      | Reached skill level 5 in Stealth
  4022 | D:4      | Found a blossoming altar of Fedhas.
  4058 | D:4      | Found a staircase to the Ecumenical Temple.
  4199 | D:4      | Reached XP level 8. HP: 39/60 MP: 12/12
  4209 | D:4      | Found a shimmering blue altar of Sif Muna.
  4490 | D:5      | Entered Level 5 of the Dungeon
  4757 | D:5      | Found a glowing silver altar of Zin.
  4800 | D:5      | Found a broken altar of Ashenzari.
  4950 | D:5      | Reached ***** piety under Hepliaklqana
  6109 | D:5      | Reached XP level 9. HP: 60/65 MP: 12/14
  6162 | D:6      | Found a shadowy altar of Dithmenos.
  6268 | D:6      | Found an iron altar of Okawaru.
  7454 | D:7      | Found a radiant altar of Vehumet.
  7955 | D:7      | Reached skill level 5 in Invocations
  8141 | D:8      | Noticed a komodo dragon
  8359 | D:8      | Noticed a gargoyle
  8426 | D:8      | Killed a komodo dragon
  8574 | D:8      | Noticed Prince Ribbit
  8580 | D:8      | Killed Prince Ribbit
  8581 | D:8      | Reached XP level 10. HP: 72/72 MP: 17/17
  8589 | D:8      | Noticed Joseph
  8605 | D:8      | Killed Joseph
  8606 | D:8      | Reached skill level 5 in Short Blades
  8606 | D:8      | Reached skill level 5 in Long Blades
  8606 | D:8      | Reached skill level 5 in Maces & Flails
  8606 | D:8      | Reached skill level 5 in Polearms
  8606 | D:8      | Reached skill level 5 in Staves
  8606 | D:8      | Reached skill level 5 in Slings
  8606 | D:8      | Reached skill level 5 in Bows
  8606 | D:8      | Reached skill level 5 in Crossbows
  8606 | D:8      | Reached skill level 5 in Throwing
  8606 | D:8      | Reached skill level 5 in Armour
  8606 | D:8      | Reached skill level 5 in Shields
  8606 | D:8      | Reached skill level 5 in Unarmed Combat
  8606 | D:8      | Reached skill level 5 in Spellcasting
  8606 | D:8      | Reached skill level 5 in Evocations
  8652 | D:8      | Killed a gargoyle
  8664 | D:8      | Found an opulent altar of Gozag.
  8918 | D:8      | Noticed Harold
  9013 | D:8      | Killed Harold
  9709 | D:9      | Noticed a two-headed ogre
 10264 | D:9      | Killed a two-headed ogre
 10559 | D:9      | Reached ****** piety under Hepliaklqana
 10597 | D:9      | Reached XP level 11. HP: 76/78 MP: 19/19
 10905 | D:10     | Entered Level 10 of the Dungeon
 10906 | D:10     | Found a transporter.
 10936 | D:10     | Learned a level 2 spell: Wereblood
 11012 | D:10     | Found a transporter.
 11040 | D:10     | Found a hide-covered altar of Uskayaw.
 11103 | D:10     | Noticed Erolcha
 11210 | D:11     | Noticed Grum
 11216 | D:11     | Killed Grum
 11294 | D:10     | Found a bloodstained altar of Trog.
 11307 | D:10     | You fall into a shaft and drop 1 floor!
 11351 | D:11     | Found a staircase to the Orcish Mines.
 11448 | D:10     | Reached skill level 5 in Conjurations
 11448 | D:10     | Reached skill level 5 in Hexes
 11448 | D:10     | Reached skill level 5 in Summonings
 11448 | D:10     | Reached skill level 5 in Necromancy
 11448 | D:10     | Reached skill level 5 in Translocations
 11448 | D:10     | Reached skill level 5 in Transmutations
 11448 | D:10     | Reached skill level 5 in Fire Magic
 11448 | D:10     | Reached skill level 5 in Ice Magic
 11448 | D:10     | Reached skill level 5 in Air Magic
 11448 | D:10     | Reached skill level 5 in Earth Magic
 11448 | D:10     | Reached skill level 5 in Poison Magic
 11714 | D:10     | Killed Erolcha
 11824 | D:10     | Found a glowing golden altar of the Shining One.
 11926 | D:11     | Noticed a centaur warrior
 11933 | D:11     | Killed a centaur warrior
 12041 | D:11     | Found a staircase to the Lair.
 12169 | D:11     | Gained mutation: You evolve. [potion of mutation]
 12169 | D:11     | Gained mutation: You are frail. (-10% HP) [potion of
                  | mutation]
 12170 | D:11     | Lost mutation: You are frail. (-10% HP) [potion of
                  | mutation]
 12170 | D:11     | Lost mutation: You evolve. [potion of mutation]
 12170 | D:11     | Gained mutation: You possess an exceptional clarity of
                  | mind. [potion of mutation]
 12857 | Orc:1    | Entered Level 1 of the Orcish Mines
 13015 | Orc:2    | Entered Level 2 of the Orcish Mines
 13209 | Orc:2    | Found Mexkuplu's Merry Market.
 13209 | Orc:2    | Noticed Rupert
 13222 | Orc:2    | Killed Rupert
 13223 | Orc:2    | Reached XP level 12. HP: 19/86 MP: 20/22
 13595 | Orc:2    | Found a staircase to the Elven Halls.
 14662 | Orc:2    | Noticed an orc warlord
 14846 | D:12     | Noticed a boulder beetle
 15012 | D:12     | Killed a boulder beetle
 15493 | D:12     | Noticed a seven-headed hydra
 15690 | D:12     | Killed a seven-headed hydra
 15830 | D:12     | Noticed Josephine
 15840 | D:12     | Reached skill level 10 in Fighting
 15840 | D:12     | Reached skill level 10 in Axes
 15840 | D:12     | Reached skill level 10 in Dodging
 15845 | D:12     | Killed Josephine
 16017 | D:13     | Found Nygun's Elemental Accessories.
 16205 | D:13     | Noticed a four-headed hydra
 16215 | D:13     | Killed a four-headed hydra
 16328 | D:13     | Reached XP level 13. HP: 92/92 MP: 24/24
 16329 | D:13     | Noticed Frances
 16346 | D:13     | Killed Frances
 16661 | D:12     | Learned a level 2 spell: Passwall
 16767 | D:13     | Learned a level 4 spell: Summon Lightning Spire
 16826 | D:13     | Noticed Urug
 17005 | Lair:1   | Entered Level 1 of the Lair of Beasts
 18244 | Lair:1   | Found a basalt altar of Yredelemnul.
 19358 | Orc:1    | Killed an orc warlord
 19612 | Orc:1    | Found a burning altar of Makhleb.
 19857 | Orc:1    | Noticed Nergalle
 19889 | Orc:1    | Killed Nergalle
 21160 | Orc:2    | Paralysed by an orc sorcerer for 4 turns
 21169 | Orc:2    | Reached XP level 14. HP: 56/99 MP: 26/26
 21785 | Orc:2    | Paralysed by an orc sorcerer for 5 turns
 22602 | Orc:2    | Found Gock's Antique Armour Shoppe.
 22603 | Orc:2    | Found Jaocu's Antique Weapon Emporium.
 22605 | Orc:2    | Found Ugyceerur's General Store.
 22605 | Orc:2    | Found Qokadev's Book Shoppe.
 22673 | Orc:2    | Bought a scroll of blinking for 120 gold pieces
 23768 | Lair:2   | Identified the +1 pair of boots of Rotation {rElec rF++
                  | Int+2}
 24709 | Lair:1   | Reached skill level 10 in Stealth
 24783 | Lair:3   | Found a hole to the Spider Nest.
 24994 | Lair:3   | Learned a level 3 spell: Mephitic Cloud
 24998 | Lair:3   | Learned a level 3 spell: Ignite Poison
 25013 | Lair:3   | Identified the +2 war axe of Ascent {flame, rC+}
 25695 | Lair:3   | Reached skill level 10 in Invocations
 26022 | Lair:4   | Found a gate leading to a gauntlet.
 26047 | Gauntlet | Entered a Gauntlet
 26047 | Gauntlet | Found a transporter.
 26047 | Gauntlet | Found a transporter.
 26051 | Gauntlet | Found a transporter.
 26051 | Gauntlet | Found a transporter.
 26064 | Gauntlet | Found a transporter.
 26070 | Gauntlet | Found a large runed translucent door.
 26071 | Gauntlet | Found a large runed translucent door.
 26072 | Gauntlet | Found a large runed translucent door.
 26072 | Gauntlet | Found a large runed translucent door.
 26072 | Gauntlet | Noticed a balrug
 26073 | Gauntlet | Found a runed translucent gate.
 26074 | Gauntlet | Found a large runed translucent door.
 26074 | Gauntlet | Found a large runed translucent door.
 26074 | Gauntlet | Found a runed translucent door.
 26075 | Gauntlet | Found a transporter.
 26075 | Gauntlet | Found a runed translucent gate.
 26075 | Gauntlet | Found a transporter.
 26076 | Gauntlet | Found a runed translucent gate.
 26076 | Gauntlet | Found a runed translucent door.
 26078 | Gauntlet | Found a large runed translucent door.
 26078 | Gauntlet | Found a large runed translucent door.
 26079 | Gauntlet | Found a large runed translucent door.
 26080 | Gauntlet | Found a large runed translucent door.
 26107 | Gauntlet | Found a transporter.
 26115 | Gauntlet | Found a transporter.
 26153 | Gauntlet | Found a transporter.
 26199 | Gauntlet | Found a transporter.
 26216 | Gauntlet | Found a transporter.
 26324 | Gauntlet | Found a transporter.
 26336 | Gauntlet | Found a transporter.
 26356 | Gauntlet | Found a transporter.
 26372 | Gauntlet | Found a transporter.
 26374 | Gauntlet | Found a large runed translucent door.
 26375 | Gauntlet | Found a large runed translucent door.
 26378 | Gauntlet | Found a large runed translucent door.
 26378 | Gauntlet | Found a large runed translucent door.
 26379 | Gauntlet | Found a large runed translucent door.
 26380 | Gauntlet | Found a large runed translucent door.
 26597 | Gauntlet | Identified the ring "Tajo" {*Slow rN++ Dex+6}
 26964 | Gauntlet | Identified the +2 scale mail "Exasoj" {Contam *Slow rF+++
                  | Stlth+}
 27240 | Lair:4   | Found a staircase to the Shoals.
 28471 | D:13     | Killed Urug
 28813 | D:13     | Found a portal to a secret trove of treasure.
 29926 | D:14     | Found a blossoming altar of Fedhas.
 30074 | D:14     | Reached XP level 15. HP: 104/107 MP: 28/28
 30930 | D:14     | Found a gate to the Vaults.
 30964 | D:15     | Entered Level 15 of the Dungeon
 30971 | D:15     | Noticed Maurice
 30979 | D:15     | Killed Maurice
 31156 | D:15     | Reached skill level 10 in Short Blades
 31156 | D:15     | Reached skill level 10 in Long Blades
 31156 | D:15     | Reached skill level 10 in Maces & Flails
 31156 | D:15     | Reached skill level 10 in Polearms
 31156 | D:15     | Reached skill level 10 in Staves
 31156 | D:15     | Reached skill level 10 in Slings
 31156 | D:15     | Reached skill level 10 in Bows
 31156 | D:15     | Reached skill level 10 in Crossbows
 31156 | D:15     | Reached skill level 10 in Throwing
 31156 | D:15     | Reached skill level 10 in Armour
 31156 | D:15     | Reached skill level 10 in Shields
 31156 | D:15     | Reached skill level 10 in Unarmed Combat
 31156 | D:15     | Reached skill level 10 in Spellcasting
 31156 | D:15     | Reached skill level 10 in Evocations
 31233 | D:15     | Got Further Steps in Witchcraft
 31813 | D:15     | Found a staircase to the Depths.
 32286 | Orc:2    | Bought a crude chain mail for 190 gold pieces
 32286 | Orc:2    | Identified the +5 chain mail of Honour {Str+4} (You bought
                  | it in a shop on level 2 of the Orcish Mines)
 32286 | Orc:2    | Bought a distressingly furry ring mail for 180 gold pieces
 32286 | Orc:2    | Identified the +4 ring mail "Zasaledghonn" {rF++ rN+} (You
                  | bought it in a shop on level 2 of the Orcish Mines)
 32570 | Spider:1 | Entered Level 1 of the Spider Nest
 32699 | Lair:3   | Learned a level 5 spell: Lightning Bolt
 32957 | Shoals:1 | Entered Level 1 of the Shoals
 33840 | Shoals:2 | Reached XP level 16. HP: 114/114 MP: 30/30
 33949 | Shoals:2 | Noticed Jorgrun
 33958 | Shoals:2 | Killed Jorgrun
 35122 | Lair:4   | Identified the +4 falchion "Impslayer" {vorpal, Contam rC+
                  | Str+2 Dex+3}
 36268 | Lair:5   | Learned a level 4 spell: Sticky Flame
 36863 | Lair:6   | Entered Level 6 of the Lair of Beasts
 36895 | Lair:6   | Noticed Nessos
 36910 | Lair:6   | Killed Nessos
 37117 | Lair:5   | Reached XP level 17. HP: 114/121 MP: 32/32
 37218 | Lair:6   | Found a viscous altar of Jiyva.
 37219 | Lair:6   | Found a staircase to the Slime Pits.
 37978 | Lair:6   | Identified the +2 leather armour "Ugaovoss" {rF+}
 39486 | Orc:2    | Bought the +8 glaive of the Guard {elec, spectral, AC+5}
                  | for 2862 gold pieces
 39486 | Orc:2    | Found the +8 glaive of the Guard {elec, spectral, AC+5}
 40357 | Spider:2 | Reached skill level 10 in Conjurations
 40357 | Spider:2 | Reached skill level 10 in Hexes
 40357 | Spider:2 | Reached skill level 10 in Summonings
 40357 | Spider:2 | Reached skill level 10 in Necromancy
 40357 | Spider:2 | Reached skill level 10 in Translocations
 40357 | Spider:2 | Reached skill level 10 in Transmutations
 40357 | Spider:2 | Reached skill level 10 in Fire Magic
 40357 | Spider:2 | Reached skill level 10 in Ice Magic
 40357 | Spider:2 | Reached skill level 10 in Air Magic
 40357 | Spider:2 | Reached skill level 10 in Earth Magic
 40357 | Spider:2 | Reached skill level 10 in Poison Magic
 40656 | Spider:3 | Noticed Duder's ghost (journeyman MiBe)
 40672 | Spider:3 | Identified a scroll of acquirement
 40687 | Spider:2 | Acquired the +2 hat "Butaceg" {rC+ Dex+3 Stlth+}
 41169 | Spider:3 | Found a runed translucent gate.
 41194 | Spider:3 | Found a runed translucent gate.
 41194 | Spider:3 | Found a runed translucent gate.
 41210 | Spider:3 | Learned a level 4 spell: Olgreb's Toxic Radiance
 41435 | Spider:2 | Killed Duder's ghost
 41786 | Spider:4 | Entered Level 4 of the Spider Nest
 41793 | Spider:4 | Reached XP level 18. HP: 112/128 MP: 33/33
 42312 | Spider:4 | Noticed Donald
 42327 | Spider:4 | Killed Donald
 42424 | Spider:4 | Noticed Arachne
 42784 | Spider:3 | Killed Arachne
 43413 | Spider:4 | Got a gossamer rune of Zot
 44580 | Shoals:3 | Noticed Bai Suzhen
 44737 | Shoals:2 | Killed Bai Suzhen
 45179 | Shoals:3 | Noticed Ilsuiw
 45193 | Shoals:3 | Noticed Polyphemus
 45199 | Shoals:3 | Reached XP level 19. HP: 123/135 MP: 29/35
 45247 | Shoals:2 | Killed Polyphemus
 45314 | Shoals:2 | Killed Ilsuiw
 45790 | Shoals:4 | Entered Level 4 of the Shoals
 45806 | Shoals:4 | Identified the +6 chain mail "Vueczain" {-Cast rPois rCorr
                  | Dex+7}
 45915 | Shoals:4 | Found Zoip Iddo's Distillery.
 45927 | Shoals:4 | Bought a potion of heal wounds for 65 gold pieces
 45927 | Shoals:4 | Bought 2 potions of heal wounds for 130 gold pieces
 46522 | Shoals:4 | Hit by a javelin thrown by a merfolk javelineer

Illustrated notes

Levels and vault maps discovered:
D:1:      dpeg_arrival_rhombus, layout_basic,
          shapermc_ecumenical_altar_mp_highgroup, minmay_pentomino_s4
D:2:      layout_loops_corners
D:3:      layout_loops_cross, nzn_wu_jian_contemplation,
          mainiacjoe_overflow_24_doors, kennysheep_generic_room_7, uniq_natasha
D:4:      layout_basic, tgw_sif, lemuel_coloured_pillars_altar,
          chequers_temple_overflow_statue_of_worship, old_standard_altar,
          minmay_temple_entry_butterflies, serial_park_tiny_pond, uniq_grinder,
          uniq_blork_the_orc, uniq_robin, uniq_purgy
D:5:      layout_basic, old_standard_altar, evilmike_ruin_ashenzari
D:6:      corexii_shantytown, layout_basic, okawaru_metal_pillars_1_2,
          nicolae_dithmenos_through_a_glass_darkly
D:7:      layout_rooms, vehumet_statue, serial_curves, eino_curves_03,
          eino_curves_02, kennysheep_donut, grunt_ministairs_8
D:8:      layout_basic, grunt_gozag_breadcrumbs, uniq_joseph,
          uniq_prince_ribbit1, uniq_harold
D:9:      minmay_recursive_quarters, layout_loops_cross
D:10:     gammafunk_worm_tunnel, layout_basic,
          mainiacjoe_overflow_surrounded_room, marbit_many_paths,
          overflow_temple_1_default, uniq_erolcha
D:11:     layout_loops_ring, lair_entry_dummy, orc_0_dummy,
          kennysheep_generic_room_8, uniq_grum
D:12:     layout_roguey, uniq_josephine
D:13:     layout_big_octagon, trove_entry_hex_spiral, nicolae_elemental_shop,
          uniq_urug, uniq_frances, uniq_maurice
D:14:     layout_long_grid, hangedman_vaults_entry_quadrant_bands,
          hangedman_weighted_door, fedhas_altar_3
D:15:     grunt_enter_depths_hoard, layout_rooms, dk_noncrumbling_2
Lair:1:   layout_loops_ring, basic_altar, minivault_27,
          hangedman_lair_generics_rect
Lair:2:   layout_cave_pods, chequers_serial_rivers_micro_d, minivault_25,
          serial_bayou_shore_b
Lair:3:   layout_layer_cave, spider_nest_entry_webs, infiniplex_staircase_pool_2
Lair:4:   layout_long_grid, minmay_shoals_entry_beasts, gauntlet_entry_generic,
          wad_woods_01
Lair:5:   layout_cave_pods, beast_lair_carwin_8
Lair:6:   guppyfry_lair_end_dragon, layout_small_grid, hangedman_lair_in_review,
          slime_altar_1, lemuel_fruit_tree, serial_bayou_shore_a, uniq_nessos
Shoals:1: layout_shoals
Shoals:2: layout_shoals, uniq_jorgrun
Shoals:3: layout_shoals, st_shoals_ruin, uniq_polyphemus, uniq_bai_suzhen,
          uniq_ilsuiw
Shoals:4: shoals_end_hangedman, layout_shoals, serial_shops, shop,
          nicolae_shoals_undead_eyrie
Spider:1: layout_spider_delve, nicolae_spider_circle_web
Spider:2: nicolae_spider_mines_1
Spider:3: layout_spider_delve, gammafunk_ghost_split
Spider:4: johnstein_spider_rune_arachne_lair, nicolae_spider_bzzzt, uniq_donald
Orc:1:    layout_diamond_mine, nicolae_orc_lava_tube, bloody_makhleb,
          uniq_nergalle
Orc:2:    st_orc_congregation, layout_diamond_mine, nicolae_alphabet_shops,
          uniq_rupert

Skill      XL: |  1  2  3  4  5  6  7  8  9 10 11 12 13 14 15 16 17 18 19 |
---------------+----------------------------------------------------------+-----
Invocations    | 1 2 3 4 5 6 7 8 9 10 11 12 13 | 13.7
Short Blades   | 1 2 3 4 5 6 7 8 9 10 11 12 | 12.7
Long Blades    | 1 2 3 4 5 6 7 8 9 10 11 12 | 12.7
Maces & Flails | 1 2 3 4 5 6 7 8 9 10 11 12 | 12.7
Polearms       | 1 2 3 4 5 6 7 8 9 10 11 12 | 12.7
Staves         | 1 2 3 4 5 6 7 8 9 10 11 12 | 12.7
Slings         | 1 2 3 4 5 6 7 8 9 10 11 12 | 12.7
Bows           | 1 2 3 4 5 6 7 8 9 10 11 12 | 12.7
Crossbows      | 1 2 3 4 5 6 7 8 9 10 11 12 | 12.7
Throwing       | 1 2 3 4 5 6 7 8 9 10 11 12 | 12.7
Armour         | 1 2 3 4 5 6 7 8 9 10 11 12 | 12.7
Shields        | 1 2 3 4 5 6 7 8 9 10 11 12 | 12.7
Unarmed Combat | 1 2 3 4 5 6 7 8 9 10 11 12 | 12.7
Spellcasting   | 1 2 3 4 5 6 7 8 9 10 11 12 | 12.7
Evocations     | 1 2 3 4 5 6 7 8 9 10 11 12 | 12.7
Conjurations   | 1 2 3 4 5 6 7 8 9 10 | 10.9
Hexes          | 1 2 3 4 5 6 7 8 9 10 | 10.9
Summonings     | 1 2 3 4 5 6 7 8 9 10 | 10.9
Necromancy     | 1 2 3 4 5 6 7 8 9 10 | 10.9
Translocations | 1 2 3 4 5 6 7 8 9 10 | 10.9
Transmutations | 1 2 3 4 5 6 7 8 9 10 | 10.9
Fire Magic     | 1 2 3 4 5 6 7 8 9 10 | 10.9
Ice Magic      | 1 2 3 4 5 6 7 8 9 10 | 10.9
Air Magic      | 1 2 3 4 5 6 7 8 9 10 | 10.9
Earth Magic    | 1 2 3 4 5 6 7 8 9 10 | 10.9
Poison Magic   | 1 2 3 4 5 6 7 8 9 10 | 10.9
Fighting       | 7 8 9 10 11 12 13 14 | 14.0
Axes           | 7 8 9 10 11 12 13 14 | 14.0
Dodging        | 7 8 9 10 11 12 13 14 | 14.0
Stealth        | 5 6 7 8 9 10 11 12 13 | 13.3

Action                   |  1- 3 |  4- 6 |  7- 9 | 10-12 | 13-15 | 16-18 | 19-21 || total
-------------------------+-------+-------+-------+-------+-------+-------+-------++-------
Melee: Hand axe          |    59 |    37 |     3 |       |       |       |       ||    99
       Bite              |     8 |     5 |    15 |    40 |   113 |   110 |    11 ||   302
       Trident           |       |       |   126 |   286 |   774 |   501 |       ||  1687
       Rapier            |       |       |       |     1 |       |       |       ||     1
       Glaive            |       |       |       |       |       |   270 |    82 ||   352
 Fire: Fustibalus        |       |     2 |    36 |    50 |     5 |       |       ||    93
Throw: Stone             |     1 |       |       |       |       |       |       ||     1
       Dart              |       |       |       |    15 |    10 |       |       ||    25
       Javelin           |       |       |       |       |    14 |     3 |       ||    17
       Boomerang         |       |       |       |       |       |    28 |    20 ||    48
 Cast: Wereblood         |       |       |       |     2 |     8 |     6 |     1 ||    17
       Summon Lightning  |       |       |       |       |     4 |    23 |     1 ||    28
       Mephitic Cloud    |       |       |       |       |     1 |    24 |     4 ||    29
       Ignite Poison     |       |       |       |       |     1 |    18 |     4 ||    23
       Lightning Bolt    |       |       |       |       |     2 |     2 |       ||     4
       Sticky Flame      |       |       |       |       |       |     2 |       ||     2
       Olgreb's Toxic Ra |       |       |       |       |       |     3 |       ||     3
Invok: Ancestor Life: Ba |     1 |       |       |       |       |       |       ||     1
       Ancestor Identity |       |     1 |       |       |       |       |       ||     1
       Recall Ancestor   |       |       |     3 |     4 |     6 |     3 |     1 ||    17
       Transference      |       |       |       |       |     4 |       |       ||     4
Evoke: Phantom mirror    |       |       |       |     1 |     1 |       |       ||     2
       Piece from Xom's  |       |       |       |       |     5 |     1 |     1 ||     7
       Wand              |       |       |       |       |     4 |     3 |     2 ||     9
       Tin of tremorston |       |       |       |       |       |     1 |     1 ||     2
  Use: Potion            |       |     3 |     2 |     3 |     7 |       |       ||    15
       Scroll            |       |       |    13 |    10 |    16 |     7 |       ||    46
 Stab: Sleeping          |     3 |       |     2 |    10 |     2 |     3 |       ||    20
       Distracted        |       |       |     3 |     4 |    19 |    31 |     4 ||    61
       Confused          |       |       |       |       |       |     4 |     3 ||     7
       Held in net/web   |       |       |       |       |       |     5 |       ||     5
       Petrified         |       |       |       |       |       |     1 |       ||     1
Armor: Robe              |     4 |       |       |       |       |       |       ||     4
       Ring mail         |    11 |       |       |       |       |       |       ||    11
       Chain mail        |     1 |    14 |    39 |       |   319 |   164 |       ||   537
       Leather armour    |       |       |       |    57 |    29 |       |       ||    86
       Plate armour      |       |       |       |       |       |   348 |   118 ||   466
Dodge: Dodged            |    34 |     7 |    33 |   117 |   358 |   538 |   125 ||  1212
Block: Kite shield       |       |    22 |    73 |   163 |   620 |   447 |       ||  1325
       Reflection        |       |     4 |    18 |    14 |    67 |    29 |       ||   132
